 Dungeon Crawl Stone Soup version 0.20.1-1-g8b1a95d (webtiles) character file.

79 Monsterracer the Conjurer (level 4, 0/30 HPs)
             Began as a Demonspawn Wizard on Sept 14, 2017.
             Was an Initiate of Qazlal.
             Slain by an orc
             ... wielding a +0 club
              (4 damage)
             ... on level 2 of the Dungeon.
             The game lasted 00:03:39 (2220 turns).

Monsterracer the Conjurer (Demonspawn Wizard)       Turns: 2220, Time: 00:03:40

Health: 0/30       AC:  2    Str:  8    XL:     4   Next: 17%
Magic:  0/8        EV: 12    Int: 19    God:    Qazlal [......]
Gold:   107        SH:  0    Dex: 12    Spells: 2/9 levels left

rFire    . . .     SeeInvis .   p - +0 rapier
rCold    . . .     Gourm    .   (no shield)
rNeg     + . .     Faith    .   a - +0 robe
rPois    .         Spirit   +   b - +0 hat
rElec    .         Reflect  .   (no cloak)
rCorr    .         Harm     .   (no gloves)
MR       .....                  (no boots)
Stlth    ++........             (no amulet)
Regen    0.1/turn               r - ring of positive energy
MPRegen  0.3/turn               (no ring)

@: very slightly contaminated
A: magic shield, magic regeneration
a: Renounce Religion


You were on level 2 of the Dungeon.
You worshipped Qazlal.
Qazlal was noncommittal.
You were not hungry.

You visited 1 branch of the dungeon, and saw 3 of its levels.

You collected 107 gold pieces.

Inventory:

Hand Weapons
 o - a +0 flail
 p - a +0 rapier (weapon)
Armour
 a - a +0 robe (worn)
 b - a +0 hat (worn)
Jewellery
 r - a ring of positive energy (left hand)
Scrolls
 e - 2 scrolls of remove curse {unknown}
 j - a scroll of enchant weapon {unknown}
 l - 3 scrolls of teleportation {unknown}
Potions
 g - a potion of curing {unknown}
 h - 2 potions of ambrosia {unknown}
 i - a potion of berserk rage {unknown}
 m - 2 potions of heal wounds {unknown}
 n - a potion of haste {unknown}
 q - a potion of degeneration {unknown}
Books
 c - a book of Minor Magic

   Spells                             Type                      Level
   a - Magic Dart                     Conjuration                  1
   b - Blink                          Translocation                2
   c - Call Imp                       Summoning                    2
   d - Slow                           Hexes                        2
   e - Conjure Flame                  Conjuration/Fire             3
   f - Mephitic Cloud                 Conjuration/Poison/Air       3
Comestibles
 d - a bread ration
 f - 2 meat rations
 k - a royal jelly
 s - 2 chunks of flesh


   Skills:
 - Level 1.7 Dodging
 - Level 1.7 Stealth
 - Level 3.0 Spellcasting
 + Level 4.0 Conjurations
   Level 1.0 Summonings
   Level 0.8 Translocations


You had 2 spell levels left.
You knew the following spells:

 Your Spells              Type           Power        Failure   Level  Hunger
a - Magic Dart            Conj           ###.         2%          1    None
b - Conjure Flame         Conj/Fire      ##......     21%         3    ###....
c - Mephitic Cloud        Conj/Pois/Air  #.......     26%         3    ###....


Dungeon Overview and Level Annotations

Branches:
Dungeon (3/15)

Altars:
Qazlal


Innate Abilities, Weirdness & Mutations

When hurt, damage is shared between your health and your magic reserves.
You regenerate magic rapidly.


Message History

You closely miss the orc.
The orc is severely wounded.
The orc barely misses you.
You hit the orc but do no damage.
The orc is severely wounded.
The orc hits you but does no damage.
You closely miss the orc.
The orc is severely wounded.
The orc completely misses you.
You hit the orc but do no damage.
The orc is severely wounded.
The orc closely misses you.
You barely miss the orc.
The orc is severely wounded.
The orc closely misses you.
You hit the orc.
The orc is almost dead.
The orc hits you with a club.
* * * LOW MAGIC WARNING * * *
You die...

## #...# #..(..# .#
#.[.# #.....####
^######...#
#.....##..
..........#
###########....>#..#
.######...#
#.................##
.# #...#
#...............###
## #...#
#........)#######
#...#
#.........#§§§§§§§§§
#.###
#..@).....#§§§§§§§§§
# #.#
#.>o......#§§§§§§§§§
# ##.#
#.........#§§§§§§§§§
## ###..#
#.....<...#§§§§§§§§§
.###...##
#.........#§§§§§8§§§
>##..###
##......###§§§§###§§
....#### ##..######
#§§§§#_#§§
.......######...#
#§§§§#.#§§
....##.........##
#§§§§#.#§§


You could see an orc.

Vanquished Creatures
  2 adders (D:2)
  3 worms (D:2)
  2 dart slugs (D:2)
  3 orcs
  A ball python (D:2)
  5 bats
  A giant cockroach (D:2)
  7 goblins
  5 hobgoblins
  4 jackals
  3 kobolds
  5 rats
41 creatures vanquished.

Vanquished Creatures (others)
  A frilled lizard (D:2)
1 creature vanquished.

Grand Total: 42 creatures vanquished

Notes
Turn   | Place    | Note
-------+----------+-------------------------------------------
     0 | D:1      | Monsterracer the Demonspawn Wizard began the quest for the Orb.
     0 | D:1      | Reached XP level 1. HP: 13/13 MP: 4/4
   224 | D:1      | Reached skill level 2 in Conjurations
   285 | D:1      | Gained mutation: When hurt, damage is shared between your health and your magic reserves. [demonic ancestry]
   285 | D:1      | Reached XP level 2. HP: 19/19 MP: 4/6
   800 | D:2      | HP: 8/19 [worm (11)]
   812 | D:2      | HP: 6/19 [worm (3)]
  1224 | D:2      | Reached skill level 3 in Conjurations
  1224 | D:2      | Reached XP level 3. HP: 24/24 MP: 3/7
  1298 | D:2      | Learned a level 3 spell: Conjure Flame
  1302 | D:2      | Learned a level 3 spell: Mephitic Cloud
  1836 | D:2      | HP: 12/24 [poisoned by an adder]
  1998 | D:2      | Gained mutation: You regenerate magic rapidly. [demonic ancestry]
  1998 | D:2      | Reached XP level 4. HP: 30/30 MP: 6/8
  2039 | D:2      | Found a stormy altar of Qazlal.
  2116 | D:2      | Became a worshipper of Qazlal Stormbringer
  2131 | D:2      | Reached skill level 4 in Conjurations
  2203 | D:3      | HP: 13/30 [orc wizard/puff of frost (7)]
  2207 | D:2      | HP: 5/30 [orc/club (4)]
  2210 | D:2      | HP: 2/30 [orc/club (3)]
  2220 | D:2      | Slain by an orc

Skill      XL: |  1  2  3  4 |
---------------+-------------+-----
Conjurations   | 2 3 4 |  4.0
Dodging        | |  1.7
Stealth        | |  1.7
Spellcasting   | |  3.0
Summonings     | |  1.0
Translocations | |  0.8

Action                   |  1- 3 |  4- 6 || total
-------------------------+-------+-------++-------
Melee: Unarmed           |     5 |       ||     5
       Dagger            |    20 |       ||    20
       Rapier            |    29 |    16 ||    45
 Cast: Magic Dart        |    81 |    20 ||   101
  Eat: Chunk             |     3 |     1 ||     4
Armor: Robe              |    13 |     2 ||    15
Dodge: Dodged            |    58 |    17 ||    75
